 Dungeon Crawl Stone Soup version 0.31-a0-167-g1c394c0614 (webtiles) character file.

Game seed: 17409208912462266928

215 qw the Shooter (level 5, 0/50 HPs)
             Began as a Naga Hunter on June 14, 2023.
             Slain by a sky beast (3 damage)
             ... on level 6 of the Dungeon.
             The game lasted 00:00:31 (1451 turns).

qw the Shooter (Naga Hunter)                        Turns: 1451, Time: 00:00:32

Health: 0/50       AC:  7    Str: 14    XL:     5   Next: 92%
Magic:  5/5        EV:  9    Int:  9    God:
Gold:   99         SH:  0    Dex: 16    Spells: 4/4 levels left

rFire   . . .        Y - +0 shortbow
rCold   . . .        (shield currently unavailable)
rNeg    . . .        c - +0 leather armour
rPois   +            (no helmet)
rElec   .            (no cloak)
rCorr   .            (no gloves)
SInv    +            (no barding)
Will    .....        (no amulet)
Stlth   ++           h - +4 ring of protection
HPRegen 0.28/turn    (no ring)
MPRegen 0.09/turn

%: no passive effects
@: short of breath, very slow
A: AC +1, large, see invisible, deformed body, poison resistance, slowness 2,
spit poison 1, naga tail 1
a: Spit Poison


You were on level 6 of the Dungeon.
You visited 1 branch of the dungeon, and saw 4 of its levels.

You collected 99 gold pieces.


Innate Abilities, Weirdness & Mutations

Your serpentine skin is tough. (AC +1)
You have supernaturally acute eyesight. (SInv)
Armour fits poorly on your strangely shaped body.
Your system is resistant to poisons. (rPois)
You cover ground very slowly.
You can spit poison.
You have a snake-like lower body.


   Skills:
 - Level 3.9 Fighting
 + Level 5.5 Ranged Weapons
 - Level 1.5 Dodging
 - Level 1.5 Stealth


You had 4 spell levels left.
You didn't know any spells.
Your spell library was empty.

Inventory:

Hand Weapons
 Y - a +0 shortbow (weapon)
Armour
 c - a +0 leather armour (worn)
Jewellery
 h - a +4 ring of protection (left hand)
Scrolls
 g - a scroll of enchant armour
 i - a scroll of teleportation {unknown}
Potions
 a - 2 potions of lignification {unknown}
 b - a potion of curing
 d - a potion of brilliance {unknown}
 e - a potion of magic {unknown}
 f - a potion of attraction {unknown}

Dungeon Overview and Level Annotations

Branches:
Dungeon (3/15)

Altars:


Message History

The orc wizard hits you with a +0 dagger.
You shoot an arrow. The arrow hits the orc wizard!
The orc wizard is heavily wounded.
The orc wizard gestures at you while chanting.
The puff of flame hits you.
The orc priest mumbles some strange prayers to Beogh against you.
Beogh smites you!
You shoot an arrow. The arrow hits the orc wizard.
The orc wizard is almost dead.
An adder comes into view.
The orc wizard hits you with a +0 dagger.
The sky beast barely misses you.
You shoot an arrow.
The arrow closely misses the orc wizard.
The adder hisses angrily.
The orc wizard barely misses you.
The orc priest hits you from afar with a +0 trident.
The sky beast hits you but does no damage.
You shoot an arrow. The arrow hits the orc wizard.
The orc wizard is almost dead.
You have got your breath back.
The orc wizard hits you with a +0 dagger.
The orc priest invokes the aid of Beogh against you.
Beogh smites you!
The sky beast hits you but does no damage.
1449 ||| INVOKING Spit Poison.
Aiming: Spit Poison (1% risk of failure)
Press: ? - help, Shift-Dir - straight line, f/p - orc wizard The splash of poison hits the orc wizard.
You kill the orc wizard!
The orc priest mumbles some strange prayers to Beogh against you.
You struggle to resist.
The sky beast hits you. The sky beast shocks you.
You shoot an arrow. The arrow closely misses the sky beast.
The arrow closely misses the adder.
The orc priest hits you but does no damage.
The sky beast hits you but does no damage.
You shoot an arrow. The arrow hits the sky beast.
The sky beast is moderately wounded.
The sky beast hits you.
You die...

.# .. o##### ..... #...#
### #So.+ ..#
#oY)#########.#
#@#.......#.#
#.#.#####.#.#
#.#.#####.#^######
#######.#.....#.........
........#...#.#..#######
.............(##.#
.................#
###########..#####
.........#


You could see a sky beast, an orc priest, an adder and 2 orcs.

Vanquished Creatures
  A black bear (D:6)
  An orc priest (D:6)
  An orc wizard (D:6)
  2 adders (D:2)
  A white imp (D:6)
  8 ball pythons
  4 endoplasms
  A giant cockroach (D:1)
  3 goblins
  7 hobgoblins
  2 jackals (D:1)
  5 quokkas
  3 bats
  A frilled lizard (D:2)
  2 kobolds
  2 rats
44 creatures vanquished.

Notes
Turn   | Place    | Note
-------+----------+-------------------------------------------
     0 | D:1      | qw the Naga Hunter began the quest for the Orb.
     0 | D:1      | Reached XP level 1. HP: 19/19 MP: 1/1
     0 | D:1      | 0 ||| qw: Version: 0.2-a-29-g1fa15c8
     0 | D:1      | 0 ||| qw: Game counter: 5000
     0 | D:1      | 0 ||| qw: Always use a shield: true
     0 | D:1      | 0 ||| qw: God list: Okawaru
     0 | D:1      | 0 ||| qw: Allow faded altars: false
     0 | D:1      | 0 ||| qw: Do Orc after D:15 true
     0 | D:1      | 0 ||| qw: Do second Lair branch before Depths: true
     0 | D:1      | 0 ||| qw: Lair rune preference: random
     0 | D:1      | 0 ||| qw: Plans: Normal
     0 | D:1      | 0 ||| PLANNING D:1-11
    15 | D:1      | 15 ||| INVOKING Spit Poison.
    19 | D:1      | 19 ||| INVOKING Spit Poison.
    90 | D:1      | 90 ||| INVOKING Spit Poison.
   106 | D:1      | Reached skill level 4 in Ranged Weapons
   106 | D:1      | Reached XP level 2. HP: 26/26 MP: 2/2
   110 | D:1      | 110 ||| INVOKING Spit Poison.
   115 | D:1      | 115 ||| INVOKING Spit Poison.
   126 | D:1      | 126 ||| INVOKING Spit Poison.
   127 | D:1      | 127 ||| INVOKING Spit Poison.
   161 | D:1      | 161 ||| INVOKING Spit Poison.
   166 | D:1      | 166 ||| INVOKING Spit Poison.
   190 | D:1      | 190 ||| INVOKING Spit Poison.
   260 | D:1      | 260 ||| INVOKING Spit Poison.
   267 | D:1      | 267 ||| INVOKING Spit Poison.
   279 | D:1      | 279 ||| INVOKING Spit Poison.
   280 | D:1      | Reached XP level 3. HP: 32/32 MP: 3/3
   345 | D:1      | 345 ||| INVOKING Spit Poison.
   482 | D:1      | 482 ||| UPGRADING to +4 ring of protection.
   483 | D:1      | 483 ||| READING scroll labelled HUGROS FAOROIS.
   484 | D:1      | 484 ||| DROPPING scroll of butterflies.
   516 | D:2      | 516 ||| INVOKING Spit Poison.
   654 | D:2      | 654 ||| INVOKING Spit Poison.
   677 | D:2      | 677 ||| INVOKING Spit Poison.
   680 | D:2      | 680 ||| INVOKING Spit Poison.
   700 | D:2      | 700 ||| INVOKING Spit Poison.
   743 | D:2      | 743 ||| INVOKING Spit Poison.
   938 | D:2      | 938 ||| INVOKING Spit Poison.
   951 | D:2      | 951 ||| INVOKING Spit Poison.
   961 | D:2      | 961 ||| INVOKING Spit Poison.
   985 | D:2      | 985 ||| INVOKING Spit Poison.
  1051 | D:2      | 1051 ||| INVOKING Spit Poison.
  1079 | D:2      | 1079 ||| INVOKING Spit Poison.
  1083 | D:2      | 1083 ||| INVOKING Spit Poison.
  1084 | D:2      | Reached skill level 5 in Ranged Weapons
  1084 | D:2      | Reached XP level 4. HP: 37/39 MP: 4/4
  1104 | D:2      | 1104 ||| READING scroll labelled LUYKLI EHOL.
  1105 | D:2      | 1105 ||| READING scroll labelled MEGOCZ BERUIV.
  1106 | D:2      | 1106 ||| READING scroll labelled XUH HIAVELUJA.
  1107 | D:2      | 1107 ||| READING scroll labelled CUEPLE OMMU.
  1108 | D:2      | 1108 ||| DRINKING 2 bubbling orange potions.
  1220 | D:3      | You fall into a shaft and drop 3 floors!
  1223 | D:6      | Noticed a black bear
  1226 | D:6      | 1226 ||| INVOKING Spit Poison.
  1230 | D:6      | 1230 ||| INVOKING Spit Poison.
  1233 | D:6      | Killed a black bear
  1234 | D:6      | Reached skill level 3 in Fighting
  1234 | D:6      | Reached XP level 5. HP: 45/50 MP: 5/5
  1439 | D:6      | 1439 ||| INVOKING Spit Poison.
  1441 | D:6      | Noticed a sky beast
  1442 | D:6      | 1442 ||| INVOKING Spit Poison.
  1443 | D:6      | 1443 ||| INVOKING Spit Poison.
  1448 | D:6      | HP: 9/50 [orc priest/divine providence (8)]
  1449 | D:6      | 1449 ||| INVOKING Spit Poison.
  1449 | D:6      | HP: 3/50 [sky beast (6)]
  1451 | D:6      | Slain by a sky beast

Levels and vault maps discovered:
D:1:      spicycebolla_arrival_xxxplode, layout_basic, minmay_misc_feat_roman,
          solitary_fountain, corner_web_ring, minmay_heptomino_h4
D:2:      layout_basic, minmay_gold_behind_fungi, glass_columns_c,
          minmay_misc_feat_columns
D:3:      layout_basic, serial_shops, shop, shop, shop, uniq_grinder,
          uniq_natasha
D:6:      layout_basic, okawaru_ov_weapons_minmay, general_overflow_altar

Skill      XL: |  1  2  3  4 |
---------------+-------------+-----
Ranged Weapons | 4 5 |  5.5
Fighting       | 3 |  3.9
Dodging        | |  1.5
Stealth        | |  1.5

Action                     |  1- 3 |  4- 6 || total
---------------------------+-------+-------++-------
   Fire: Shortbow          |    58 |    18 ||    76
Ability: Spit Poison       |    26 |     5 ||    31
    Use: Scroll            |     1 |     4 ||     5
         Potion            |       |     1 ||     1
 Armour: Leather armour    |     4 |     7 ||    11
  Dodge: Dodged            |     9 |     6 ||    15

Table legend:
 A = Non-vault XP
 B = Vault XP
 C = Vault XP percentage of total XP
 D = Non-vault monster count
 E = Vault monster count
 F = Vault count percentage of total count
                 A         B        C        D         E       F
            +---------+---------+-------+---------+---------+-------
      Total |     303 |       5 |   1.6 |      41 |       3 |   6.8
            +---------+---------+-------+---------+---------+-------
        D:1 |      32 |       5 |  13.5 |      18 |       3 |  14.3
        D:2 |      52 |       0 |   0.0 |      19 |       0 |   0.0
        D:6 |     219 |       0 |   0.0 |       4 |       0 |   0.0
            +---------+---------+-------+---------+---------+-------
